 Dungeon Crawl Stone Soup version 0.26-a0-658-gbdda728c12 (webtiles) character file.

Game seed: 6860559986170119470

3804 marklar909 the Quickloader (level 10, -10/60 HPs)
             Began as a Kobold Arcane Marksman on Oct 5, 2020.
             Was a Priest of Fedhas.
             Killed from afar by a guardian serpent (13 damage)
             ... with a bolt of poison
             ... on level 9 of the Dungeon.
             The game lasted 00:25:30 (15321 turns).

marklar909 the Quickloader (KoAM)                  Turns: 15321, Time: 00:25:30

Health: -10/60     AC:  8    Str: 15    XL:     10   Next: 39%
Magic:  10/12      EV: 18    Int: 15    God:    Fedhas [***...]
Gold:   540        SH:  0    Dex: 17    Spells: 2/12 levels left

rFire    . . .     SeeInvis .   a - +3 hand crossbow
rCold    . . .     Faith    +   (shield restricted)
rNeg     . . .     Spirit   .   I - +0 leather armour
rPois    .         Reflect  .   B - +1 helmet
rElec    .         Harm     .   k - +1 cloak
rCorr    .         Rampage  .   i - +0 pair of gloves
MR       .....                  (no boots)
Stlth    +++.......             t - amulet of faith
HPRegen  0.20/turn              (no ring)
MPRegen  0.13/turn              w - +6 ring of strength

@: lethally poisoned (-10 -> -17), slowed, very slow
A: small, nightstalker 3
a: Wall of Briars, Grow Ballistomycete, Renounce Religion


You were on level 9 of the Dungeon.
You worshipped Fedhas.
Fedhas was most pleased with you.
You visited 2 branches of the dungeon, and saw 10 of its levels.

You collected 540 gold pieces.

Inventory:

Hand Weapons
 a - a +3 hand crossbow (weapon)
 b - a +3 rapier
Missiles
 d - 13 bolts (quivered)
 u - 11 poisoned darts
Armour
 i - a +0 pair of gloves (worn)
 k - a +1 cloak (worn)
 s - a +2 scale mail of fire resistance
 A - a +0 kite shield
 B - a +1 helmet (worn)
 I - a +0 leather armour (worn)
Jewellery
 t - an amulet of faith (around neck)
 w - a +6 ring of strength (right hand)
Scrolls
 c - a scroll of immolation
 g - 2 scrolls of remove curse
 h - 6 scrolls of identify
 F - 4 scrolls of teleportation
Potions
 f - a potion of flight {unknown}
 j - a potion of curing
 l - a potion of ambrosia {unknown}
 m - a potion of degeneration {unknown}
 n - 2 potions of mutation {unknown}
 p - 2 potions of lignification {unknown}
 q - a potion of invisibility {unknown}
 v - a potion of berserk rage {unknown}
 x - a potion of stabbing {unknown}
 C - 3 potions of heal wounds
 D - a potion of haste {unknown}
 E - a potion of brilliance {unknown}
 H - a potion of might {unknown}


   Skills:
 * Level 5.8 Fighting
 * Level 5.9 Short Blades
 * Level 10.1 Crossbows
 * Level 3.3 Armour
 * Level 5.8 Dodging
 + Level 3.3 Stealth
 * Level 1.4 Shields
 + Level 1.7 Spellcasting
 * Level 5.4 Hexes
 + Level 3.4 Translocations


You had 2 spell levels left.
You knew the following spells:

 Your Spells              Type           Power        Failure   Level
b - Portal Projectile     Hex/Tloc       ##....       14%         3
c - Confusing Touch       Hex            ###.....     10%         3
d - Cause Fear            Hex            ###.......   30%         4

Your spell library contained the following spells:

 Spells                   Type           Power        Failure   Level
 Corona                   Hex            ###....      3%          1
 Slow                     Hex            ###.....     4%          2
 Gell's Gravitas          Tloc           ##........   21%         3
 Inner Flame              Hex/Fire       #.......     28%         3
 Leda's Liquefaction      Hex/Erth       #.........   67%         4
 Petrify                  Tmut/Erth      #.......     95%         4
 Metabolic Englaciation   Hex/Ice        #.........   95%         5
 Yara's Violent Unravell  Hex/Tmut       #.........   95%         5


Dungeon Overview and Level Annotations

Branches:
Dungeon (9/15)             Temple (1/1) D:4            Lair (0/6) D:8
    Orc: D:9-12

Altars:
Ashenzari
Cheibriados
Dithmenos
Elyvilon
Fedhas
Gozag
Hepliaklqana
Kikubaaqudgha
Makhleb
Nemelex Xobeh
Qazlal
Ru
Sif Muna
Trog
Uskayaw
Vehumet
Wu Jian
Xom
Yredelemnul
The Shining One

Shops:
D:6 (

Annotations:
D:6 3 runed translucent doors, marklar909's ghost, novice KoAr


Innate Abilities, Weirdness & Mutations

You are small and have problems with some larger weapons.
You are completely attuned to the shadows.


Message History

Press: ? - help, Shift-Dir - straight line, f/p - guardian serpent
Aim: a guardian serpent (almost dead)
You shoot a bolt.
The bolt barely misses the guardian serpent.
The guardian serpent casts a spell at you.
You feel yourself slow down.
Firing (i - inventory. (/) - cycle)
d - 14 bolts (quivered)
Press: ? - help, Shift-Dir - straight line, f/p - guardian serpent
Aim: a guardian serpent (almost dead)
You shoot a bolt.
The bolt closely misses the guardian serpent.
The guardian serpent casts a spell at you.
You feel as though you will be slow longer.
The guardian serpent hits you!
* * * LOW HITPOINT WARNING * * *
The guardian serpent coils itself and waves its upper body at you.
The bolt of poison hits you!
You are lethally poisoned!
You die...
Fedhas appreciates your contribution to the ecosystem.

..# # .. #(#(
###########(.#####
........@S(.((...#
###.#.P###.####.#
#.#..# # #.#
#.#..# #.# #.#..#
#.# #.# #.# #.#
#.# ####.##.#.#
#.# .....##.#.#
#)#


You could see a guardian serpent.

Vanquished Creatures
  A komodo dragon (D:8)
  Grinder (D:6)
  The ghost of Demosthentine the Vandal, an amateur HaHu of Ru (D:2)
  Sigmund (D:2)
  Edmund (D:5)
  2 orc warriors (D:8)
  A black bear (D:7)
  An ice beast (D:6)
  3 ogres
  3 centaurs
  11 bullfrogs
  A water moccasin zombie (D:7)
  3 scorpions
  3 howler monkeys
  2 hounds
  2 orc priests
  A jelly (D:7)
  6 orc wizards (D:6)
  Crazy Yiuf (D:2)
  Jessica (D:2)
  A centaur skeleton (D:7)
  3 iguanas
  5 worker ants
  A hound zombie (D:6)
  A hound skeleton (D:7)
  A worker ant zombie (D:6)
  A howler monkey zombie (D:7)
  Robin (D:4)
  11 gnolls
  5 adders
  A white imp (D:7)
  3 ufetubi
  3 oozes
  2 adder zombies
  A worm (D:2)
  A dart slug (D:1)
  5 leopard geckos
  27 orcs
  8 bats
  2 giant cockroaches
  2 gnoll zombies (D:2)
  15 goblins
  8 hobgoblins
  A jackal (D:7)
  4 quokkas
  A ball python (D:1)
  3 frilled lizards
  A jackal zombie (D:5)
  9 kobolds
  5 rats
178 creatures vanquished.

Vanquished Creatures (others)
  8 plants
8 creatures vanquished.

Grand Total: 186 creatures vanquished

Notes
Turn   | Place    | Note
-------+----------+-------------------------------------------
     0 | D:1      | marklar909 the Kobold Arcane Marksman began the quest for
                  | the Orb.
     0 | D:1      | Reached XP level 1. HP: 12/12 MP: 2/2
   287 | D:1      | Reached XP level 2. HP: 16/16 MP: 3/3
   780 | D:1      | Reached XP level 3. HP: 20/21 MP: 4/4
  1498 | D:2      | Reached skill level 1 in Short Blades
  1589 | D:2      | Noticed Jessica
  1598 | D:2      | Killed Jessica
  1598 | D:2      | Reached skill level 1 in Stealth
  1598 | D:2      | Reached XP level 4. HP: 22/26 MP: 5/5
  1739 | D:2      | Found a runed translucent door.
  1742 | D:2      | Noticed Crazy Yiuf
  1861 | D:2      | Noticed Sigmund
  2444 | D:3      | Reached XP level 5. HP: 30/30 MP: 6/6
  2916 | D:3      | Reached skill level 1 in Armour
  3859 | D:3      | Found a large runed translucent door.
  3859 | D:3      | Found a large runed translucent door.
  3868 | D:3      | Reached skill level 3 in Crossbows
  3897 | D:3      | Noticed Demosthentine's ghost (amateur HaHu)
  4081 | D:4      | Noticed Robin
  4277 | D:4      | Killed Robin
  4287 | D:4      | Learned a level 3 spell: Portal Projectile
  4434 | D:4      | Reached XP level 6. HP: 28/36 MP: 7/7
  4595 | D:4      | Noticed an ogre
  5021 | D:2      | Found a stormy altar of Qazlal.
  5909 | D:4      | Found a staircase to the Ecumenical Temple.
  5953 | D:4      | Killed an ogre
  5953 | D:4      | Reached skill level 4 in Crossbows
  6560 | Temple   | Entered the Ecumenical Temple
  6726 | Temple   | Became a worshipper of Fedhas Madash
  6743 | D:5      | Entered Level 5 of the Dungeon
  6767 | D:5      | Reached skill level 1 in Translocations
  6830 | D:5      | Found a hazy altar of Hepliaklqana.
  6937 | D:5      | Noticed Edmund
  6947 | D:5      | Learned a level 3 spell: Confusing Touch
  7346 | D:5      | Reached XP level 7. HP: 32/40 MP: 8/8
  8009 | D:6      | Noticed Grinder
  8232 | D:6      | Reached skill level 5 in Crossbows
  8329 | D:6      | Reached XP level 8. HP: 43/46 MP: 9/9
  8467 | D:6      | Reached skill level 6 in Crossbows
  8569 | D:6      | Noticed a two-headed ogre
  8888 | D:2      | Found a basalt altar of Yredelemnul.
  8943 | D:2      | Killed Crazy Yiuf
  9427 | D:6      | Found a broken altar of Ashenzari.
  9450 | D:6      | Reached * piety under Fedhas
  9450 | D:6      | Reached skill level 7 in Crossbows
  9680 | D:6      | Found Copt's Weapon Boutique.
 10150 | D:2      | Killed Demosthentine's ghost
 10150 | D:2      | Reached XP level 9. HP: 33/52 MP: 10/10
 10496 | D:2      | Killed Sigmund
 10496 | D:2      | Reached skill level 8 in Crossbows
 10596 | D:5      | Killed Edmund
 11119 | D:6      | Killed Grinder
 11119 | D:6      | Reached skill level 5 in Short Blades
 11658 | D:6      | Found a bloodstained altar of Trog.
 11785 | D:6      | Reached skill level 5 in Hexes
 11800 | D:6      | Reached skill level 5 in Dodging
 12044 | D:6      | Found a runed translucent gate.
 12044 | D:6      | Found a runed translucent gate.
 12044 | D:6      | Found a runed translucent gate.
 12047 | D:6      | Noticed marklar909's ghost (novice KoAr)
 12047 | D:6      | Noticed a kobold demonologist
 12378 | D:7      | Reached ** piety under Fedhas
 12751 | D:7      | Reached skill level 5 in Fighting
 13133 | D:7      | Reached skill level 9 in Crossbows
 13244 | D:7      | Reached XP level 10. HP: 55/59 MP: 12/12
 13466 | D:7      | Learned a level 4 spell: Cause Fear
 14097 | D:8      | Reached *** piety under Fedhas
 14105 | D:8      | Reached skill level 1 in Shields
 14656 | D:8      | Found a staircase to the Lair.
 14657 | D:8      | Noticed a komodo dragon
 14676 | D:8      | Killed a komodo dragon
 14676 | D:8      | Reached skill level 10 in Crossbows
 15007 | D:9      | Noticed a guardian serpent
 15017 | D:9      | HP: 1/60 [guardian serpent (18)]
 15321 | D:9      | HP: 3/60 [guardian serpent (15)]
 15321 | D:9      | Killed from afar by a guardian serpent

Illustrated notes

Levels and vault maps discovered:
D:1:      dpeg_arrival_pits, layout_basic, serial_forest,
          infiniplex_forest_clump_diagonal, infiniplex_forest_end_3,
          infiniplex_forest_fountain, infiniplex_forest_corner_1,
          infiniplex_forest_clump_tiny, infiniplex_forest_lined_room_3,
          infiniplex_forest_lined_3
D:2:      layout_loops_ring, nicolae_qazlal_eye_of_the_storm,
          lemuel_zombie_altar_yredelemnul, uniq_crazy_yiuf_cottage,
          uniq_jessica, uniq_sigmund
D:3:      layout_loops_cross, ebering_ghost_disaster_area,
          lightli_corner_chamber
D:4:      layout_basic, minmay_temple_entry_offerings, uniq_robin
D:5:      layout_loops_ring, lemuel_round_altar, uniq_edmund
D:6:      layout_loops_ring, ashenzari_altar_1, serial_shops,
          nicolae_shop_behind_doors, gammafunk_ghost_nasty_kobolds,
          trog_three_pillars_becter, uniq_grinder
D:7:      layout_loops_cross, st_stairs_10, minivault_11
D:8:      layout_loops_ring, david_lair_shrubbed
D:9:      nrook_guardian_serpent_snake_passage, layout_basic,
          overflow_temple_1_default, okawaru_altar_gauntlet_db, library_closet
Temple:   eino_temple_rhombus

Skill      XL: |  1  2  3  4  5  6  7  8  9 10 |
---------------+-------------------------------+-----
Short Blades   | 1 2 3 4 5 |  5.9
Fighting       | 2 3 4 5 |  5.8
Dodging        | 3 4 5 |  5.8
Stealth        | 1 2 3 |  3.3
Armour         | 1 2 3 |  3.3
Crossbows      | 3 4 5 7 9 10 | 10.1
Translocations | 1 2 3 |  3.4
Hexes          | 4 5 |  5.4
Shields        | 1 |  1.4
Spellcasting   | |  1.7

Action                   |  1- 3 |  4- 6 |  7- 9 | 10-12 || total
-------------------------+-------+-------+-------+-------++-------
Melee: Unarmed           |    22 |       |       |       ||    22
       Short sword       |    72 |    77 |       |       ||   149
       Rapier            |       |       |    17 |       ||    17
 Fire: Hand crossbow     |     9 |   159 |   258 |   123 ||   549
 Cast: Portal Projectile |       |     1 |     6 |    11 ||    18
       Confusing Touch   |       |       |     2 |       ||     2
       Corona            |       |       |     2 |       ||     2
Invok: Wall of Briars    |       |       |       |     1 ||     1
  Use: Scroll            |       |     2 |     3 |    11 ||    16
       Potion            |       |     1 |     1 |     3 ||     5
 Stab: Sleeping          |     9 |     9 |       |       ||    18
       Confused          |       |       |     3 |       ||     3
Armor: Robe              |    11 |    19 |     1 |       ||    31
       Leather armour    |       |       |    33 |    11 ||    44
Dodge: Dodged            |    75 |   134 |   125 |    55 ||   389

Table legend: (Time is in decaauts)
 A = Elapsed time spent in this place.
 B = Non-inter-level travel time spent in this place.
 C = Inter-level travel time spent in this place.
 D = Time resting spent in this place.
 E = Time spent auto-exploring this place.
 F = Levels seen in this place.
 G = Mean time per level.
                   A        B        C        D        E       F      G
               +--------+--------+--------+--------+--------+-----+--------+
         Total |  15449 |  13907 |   1542 |   2220 |   9250 |  10 | 1544.9 |
       Dungeon |  15276 |  13751 |   1525 |   2220 |   9096 |   9 | 1697.3 |
        Temple |    172 |    156 |     16 |      0 |    154 |   1 |  172.0 |
               +--------+--------+--------+--------+--------+-----+--------+

Top non-repeatable levels by time:
     D:5: 2464 daAuts
     D:2: 2462 daAuts
     D:4: 2428 daAuts
     D:6: 1981 daAuts
     D:8: 1662 daAuts
     D:3: 1490 daAuts
     D:1: 1448 daAuts
     D:7: 1220 daAuts
  Temple: 172 daAuts
     D:9: 118 daAuts
